AoeStats
← ariannalovesyeww

Black Forest

504329733Analyzed
3v3 RM · 28d ago on Sep 4, 2026· 51m 50s· 6 players
Game mode
Random Map
Map size
Normal (6 player)
Population
200
Speed
Normal
Resources
Standard
Victory
Conquest
Starting age
Dark Age
Ending age
Imperial Age
RankedLock teamsTeams togetherTeam positionsShared explorationLock speedFull tech treeHidden civsTurbo modeCheats
Victory
Defeat
🇺🇸 Persians · United States
839
+14
🇺🇸 Byzantines · United States
743
+18
🇺🇸 Portuguese · United States
724
+20
🇹🇷 Franks · Türkiye
808
-18
🇨🇱 Huns · Chile
805
-18
🇦🇷 Magyars · Argentina
776
-16
Axl Rose
1:06 Loom
12:00 Feudal Age
12:08 Man-at-Arms
12:49 Double-Bit Axe
20:20 Horse Collar
25:12 Scale Mail Armor
25:26 Scale Barding Armor
25:23 Scale Mail Armor
25:37 Bloodlines
28:29 Castle Age
27:19 Gold Mining
31:18 Wheelbarrow
31:36 Town Watch
32:03 Heavy Plow
32:19 Bow Saw
33:28 Hand Cart
34:32 Gold Shaft Mining
35:59 Husbandry
35:21 Light Cavalry
36:40 Chain Barding Armor
41:07 Imperial Age
38:45 Caravan
39:16 Coinage
39:32 Treadmill Crane
40:36 Pikeman
41:19 Onager
41:22 Hussar
43:32 Plate Barding Armor
48:42 Conscription
48:26 Corvinian Army
49:18 Elite Magyar Huszar
StuckHades054
12:40 Feudal Age
10:56 Loom
13:03 Horse Collar
13:17 Gold Mining
14:34 Wheelbarrow
13:48 Double-Bit Axe
15:09 Stone Mining
23:11 Castle Age
20:57 Town Watch
24:12 Bow Saw
24:20 Hand Cart
24:08 Heavy Plow
25:05 Gold Shaft Mining
25:41 Hand Cart
37:39 Imperial Age
35:14 Town Patrol
36:18 Padded Archer Armor
36:08 Fletching
36:29 Forging
36:19 Scale Mail Armor
36:25 Scale Barding Armor
36:43 Ballistics
36:18 Murder Holes
36:34 Masonry
36:02 Pikeman
36:42 Squires
36:28 Arson
36:04 Elite Skirmisher
36:50 Thumb Ring
36:48 Husbandry
36:58 Bloodlines
36:09 Light Cavalry
36:56 Caravan
37:59 Bodkin Arrow
38:19 Leather Archer Armor
38:54 Elite Tarkan
40:09 Parthian Tactics
39:53 Halberdier
41:04 Marauders
41:21 Marauders
41:42 Conscription
44:22 Two-Man Saw
44:24 Atheism
green goblin
5:28 Loom
13:56 Feudal Age
14:26 Double-Bit Axe
18:58 Wheelbarrow
18:58 Gold Mining
19:01 Stone Mining
21:33 Castle Age
20:23 Scale Barding Armor
20:29 Forging
25:12 Gold Shaft Mining
24:48 Bow Saw
35:46 Imperial Age
33:41 Chain Barding Armor
33:57 Iron Casting
35:36 Hand Cart
37:06 Town Watch
38:26 Chemistry
37:55 Ballistics
38:16 Plate Barding Armor
38:42 Blast Furnace
37:59 Husbandry
37:20 Cavalier
39:10 Paladin
40:12 Conscription
40:02 Heavy Scorpion
44:01 Chivalry
48:24 Light Cavalry
Blogness
1:23 Loom
11:47 Feudal Age
13:22 Double-Bit Axe
13:15 Man-at-Arms
18:34 Horse Collar
23:49 Forging
23:40 Scale Mail Armor
26:55 Castle Age
25:38 Gold Mining
25:42 Stone Mining
26:01 Padded Archer Armor
27:13 Long Swordsman
27:16 Pikeman
28:13 Chain Mail Armor
32:55 Stone Shaft Mining
32:34 Heavy Plow
33:41 Iron Casting
33:19 Fortified Wall
33:30 Bow Saw
35:39 Wheelbarrow
37:43 Leather Archer Armor
37:40 Masonry
37:34 Caravan
41:25 Imperial Age
39:24 Murder Holes
39:11 Treadmill Crane
40:06 Ballistics
41:27 Capped Ram
43:17 Chemistry
42:52 Crop Rotation
43:27 Two-Man Saw
44:13 Halberdier
46:23 Elite Organ Gun
ariannalovesyeww
6:08 Loom
9:39 Loom
13:20 Feudal Age
15:33 Double-Bit Axe
15:34 Horse Collar
18:22 Wheelbarrow
23:11 Castle Age
23:13 Pikeman
23:17 Elite Skirmisher
24:26 Bow Saw
25:31 Gold Mining
26:11 Squires
27:09 Heavy Plow
29:45 Hand Cart
31:56 Caravan
37:35 Imperial Age
35:14 Light Cavalry
38:08 Hussar
40:35 Ballistics
41:16 Chemistry
40:24 Scale Barding Armor
40:20 Padded Archer Armor
40:38 Guilds
41:28 Husbandry
43:03 Treadmill Crane
43:40 Leather Archer Armor
43:16 Fletching
45:18 Murder Holes
45:58 Ring Archer Armor
46:50 Two-Man Saw
49:01 Heavy Camel Rider
50:00 Fortified Wall
50:13 Chain Barding Armor
49:54 Scale Mail Armor
50:05 Forging
52:08 Crop Rotation
52:37 Conscription
TheChaplain777
10:13 Loom
16:21 Feudal Age
17:07 Double-Bit Axe
19:49 Castle Age
18:34 Horse Collar
22:05 Bow Saw
21:58 Heavy Plow
26:59 Wheelbarrow
26:12 Town Watch
26:32 Stone Mining
29:32 Hand Cart
29:22 Town Patrol
32:43 Imperial Age
30:11 Fletching
30:31 Forging
30:27 Scale Barding Armor
31:19 Kamandaran
31:52 Bodkin Arrow
32:32 Iron Casting
31:21 Crossbowman
32:48 Thumb Ring
32:58 Town Patrol
34:32 Conscription
34:43 Elite War Elephant
36:28 Blast Furnace
35:48 Chain Barding Armor
35:24 Gold Mining
38:49 Plate Barding Armor
38:16 Padded Archer Armor
49:19 Leather Archer Armor
Connection lost

Rejoining the realm…

Still unreachable

The connection could not be restored.

Session expired

The server has moved on; the page needs a fresh start.